 Dungeon Crawl Stone Soup version 0.26-a0-542-gbaa144ba5c (webtiles) character file.

Game seed: 4393335389439448372

814 Aksej the Cutter (level 7, -6/51 HPs)
             Began as a Demonspawn Gladiator on Aug 17, 2020.
             Mangled by Edmund
             ... wielding a +5 dire flail of draining
              (8 damage)
             ... on level 4 of the Dungeon.
             The game lasted 00:10:43 (4895 turns).

Aksej the Cutter (Demonspawn Gladiator)             Turns: 4895, Time: 00:10:44

Health: -6/51      AC: 10    Str: 14    XL:     7   Next: 62%
Magic:  7/7        EV: 11    Int: 10    God:
Gold:   286        SH:  0    Dex: 16    Spells: 6/6 levels left

rFire    . . .     SeeInvis .   a - +0 rapier
rCold    . . .     Faith    .   (no shield)
rNeg     . . .     Spirit   .   k - +0 ring mail (curse)
rPois    +         Reflect  .   c - +0 helmet
rElec    .         Harm     .   i - +2 cloak {rPois}
rCorr    .                      q - +0 pair of gloves
MR       +....                  (no boots)
Stlth    +.........             (no amulet)
HPRegen  0.17/turn              o - ring of protection from magic
MPRegen  0.10/turn              (no ring)

@: very heavily drained
A: claws 1, sturdy frame 2
a: no special abilities


You were on level 4 of the Dungeon.
You visited 1 branch of the dungeon, and saw 4 of its levels.
You also visited: Sewer.

You collected 286 gold pieces.

Inventory:

Hand Weapons
 a - a +0 rapier (weapon)
Armour
 c - a +0 helmet (worn)
 i - a +2 cloak of poison resistance (worn)
 k - a cursed +0 ring mail (worn)
 q - a +0 pair of gloves (worn)
Jewellery
 o - a ring of protection from magic (left hand)
Wands
 b - a wand of digging (9)
 j - a wand of polymorph (3)
 m - a wand of disintegration (21)
 n - a wand of flame (23)
Scrolls
 e - 3 scrolls of fog
 h - a scroll of teleportation
 l - 2 scrolls of remove curse
 p - a scroll of fear
 r - a scroll of identify
Potions
 f - 3 potions of stabbing
 g - 7 potions of curing


   Skills:
 + Level 2.9(0.0) Fighting
 * Level 7.0(2.6) Short Blades
 + Level 2.2(0.0) Throwing
 + Level 1.0(0.0) Armour
 + Level 3.9(0.0) Dodging
 + Level 1.3(0.0) Stealth


You had 6 spell levels left.
You didn't know any spells.
Your spell library was empty.

Dungeon Overview and Level Annotations

Branches:
Dungeon (4/15)              Sewer (visited)
 Temple: D:4-7

Altars:
Cheibriados
Gozag
Kikubaaqudgha
Ru
Uskayaw

Annotations:
D:4 Edmund


Innate Abilities, Weirdness & Mutations

You have sharp fingernails.
Your movements are less encumbered by armour. (ER -4)


Message History

Edmund is lightly wounded.
Edmund hits you with a +5 dire flail of draining!
* * * LOW HITPOINT WARNING * * *
You feel drained.
* * * LOW HITPOINT WARNING * * *
Okay, then.
You puncture Edmund!
Edmund is moderately wounded.
You barely miss Edmund.
Edmund is moderately wounded.
Edmund hits you with a +5 dire flail of draining.
* * * LOW HITPOINT WARNING * * *
You feel drained.
You hit Edmund but do no damage.
Edmund is moderately wounded.
Edmund hits you but does no damage.
You feel drained.
You puncture Edmund!
Edmund is heavily wounded.
Edmund hits you with a +5 dire flail of draining!
You die...

#### ##..?##
####. #.@#
....###@#
#..#..# #...##
#####.##
#......######.#
#.###..........
##.######.# #.#
# #.#


You could see Edmund.

Vanquished Creatures
  2 ogres (D:4)
  4 big kobolds (Sewer)
  A scorpion (D:4)
  Crazy Yiuf (D:2)
  An orc priest (D:4)
  Jessica (D:2)
  A worker ant (D:4)
  A howler monkey skeleton (D:4)
  6 adders
  A river rat (Sewer)
  4 oozes
  4 worms
  3 dart slugs
  2 leopard geckos
  5 orcs (D:4)
  3 ball pythons (Sewer)
  A giant cockroach (D:3)
  7 hobgoblins
  11 jackals
  17 kobolds
  A quokka (D:4)
  8 bats
  6 frilled lizards
  4 goblins
  14 rats
109 creatures vanquished.

Notes
Turn   | Place    | Note
-------+----------+-------------------------------------------
     0 | D:1      | Aksej the Demonspawn Gladiator began the quest for the Orb.
     0 | D:1      | Reached XP level 1. HP: 16/16 MP: 1/1
   281 | D:1      | Reached skill level 3 in Short Blades
   291 | D:1      | Gained mutation: Your movements are slightly less
                  | encumbered by armour. (ER -2) [demonic ancestry]
   291 | D:1      | Reached XP level 2. HP: 20/22 MP: 2/2
   510 | D:1      | Got a coiled lapis lazuli ring
   523 | D:1      | Identified the ring of Ulibiosch {Ice Int+9 Stlth-} (You
                  | found it on level 1 of the Dungeon)
  1074 | D:2      | Reached XP level 3. HP: 17/27 MP: 3/3
  1279 | D:2      | Found a runed translucent door.
  1280 | D:2      | Noticed Crazy Yiuf
  1305 | D:2      | Killed Crazy Yiuf
  1519 | D:2      | Gained mutation: Your movements are less encumbered by
                  | armour. (ER -4) [demonic ancestry]
  1519 | D:2      | Reached XP level 4. HP: 30/33 MP: 4/4
  1542 | D:2      | Reached skill level 4 in Short Blades
  1919 | D:2      | Noticed Jessica
  1932 | D:2      | Killed Jessica
  2221 | D:3      | Reached XP level 5. HP: 33/38 MP: 5/5
  2296 | D:3      | Found a hide-covered altar of Uskayaw.
  2296 | D:3      | Found an opulent altar of Gozag.
  2417 | D:3      | Found a glowing drain.
  2429 | Sewer    | Entered a sewer
  2551 | Sewer    | Reached skill level 5 in Short Blades
  2701 | Sewer    | Reached skill level 1 in Stealth
  2762 | Sewer    | Reached XP level 6. HP: 46/46 MP: 6/6
  3071 | Sewer    | Reached skill level 1 in Armour
  3133 | Sewer    | Reached skill level 6 in Short Blades
  3468 | D:3      | Gained mutation: You have sharp fingernails. [demonic
                  | ancestry]
  3468 | D:3      | Reached XP level 7. HP: 51/51 MP: 7/7
  4469 | D:4      | Found a sacrificial altar of Ru.
  4469 | D:4      | Found a snail-covered altar of Cheibriados.
  4469 | D:4      | Found an ancient bone altar of Kikubaaqudgha.
  4497 | D:4      | Reached skill level 7 in Short Blades
  4866 | D:4      | Noticed Edmund
  4893 | D:4      | HP: 2/51 [Edmund/+5 dire flail of draining (2)]
  4895 | D:4      | Mangled by Edmund

Illustrated notes

Levels and vault maps discovered:
D:1:      dpeg_arrival_boxes_within_box, layout_basic, dk_noncrumbling_4,
          minmay_misc_feat_x
D:2:      layout_rooms, uniq_crazy_yiuf_cottage, uniq_jessica
D:3:      layout_basic, grunt_temple_overflow_open, portal_sewer_entry_d,
          st_stairs_8
D:4:      layout_loops_ring, chequers_temple_overflow_statue_of_worship,
          uniq_menkaure, uniq_edmund

Skill      XL: |  1  2  3  4  5  6  7 |
---------------+----------------------+-----
Short Blades   | 3 4 5 6 7 |  7.0
Throwing       | 2 |  2.2
Dodging        | 3 |  3.9
Stealth        | 1 |  1.3
Armour         | 1 |  1.0
Fighting       | |  2.9

Action                   |  1- 3 |  4- 6 |  7- 9 || total
-------------------------+-------+-------+-------++-------
Melee: Rapier            |    91 |   342 |   116 ||   549
       Unarmed           |    16 |       |       ||    16
Throw: Throwing net      |    10 |     1 |       ||    11
  Use: Potion            |     4 |     3 |     2 ||     9
       Scroll            |     5 |     2 |     1 ||     8
 Stab: Sleeping          |     1 |     3 |     3 ||     7
Armor: Leather armour    |    35 |    25 |       ||    60
       Ring mail         |       |    66 |    20 ||    86
Dodge: Dodged            |   105 |   177 |    54 ||   336

Table legend: (Time is in decaauts)
 A = Elapsed time spent in this place.
 B = Non-inter-level travel time spent in this place.
 C = Inter-level travel time spent in this place.
 D = Time resting spent in this place.
 E = Time spent auto-exploring this place.
 F = Levels seen in this place.
 G = Mean time per level.
                   A        B        C        D        E       F      G
               +--------+--------+--------+--------+--------+-----+--------+
         Total |   5014 |   4916 |     98 |    430 |   3440 |   5 | 1002.8 |
       Dungeon |   4054 |   3956 |     98 |    430 |   2869 |   4 | 1013.5 |
         Sewer |    959 |    959 |      0 |      0 |    571 |   1 |  959.0 |
               +--------+--------+--------+--------+--------+-----+--------+

Top non-repeatable levels by time:
     D:2: 1118 daAuts
     D:3: 1079 daAuts
     D:1: 1040 daAuts
   Sewer: 959 daAuts
     D:4: 816 daAuts
